[Event "IND-ch Women 2019"]
[Site "Karaikkudi"]
[Date "2019.07.21"]
[Round "4.21"]
[White "Potluri Saye Srreezza"]
[Black "Boramanikar Tanisha S"]
[Result "1-0"]
[ECO "E17"]
[WhiteElo "1999"]
[BlackElo "1720"]
[Annotator "NA"]
[PlyCount "69"]
[EventDate "2019.07.19"]
[EventType "swiss"]
[EventCountry "IND"]
[SourceTitle "playchess.com"]
[Source "ChessBase"]
[SourceQuality "1"]
[TimeControl "40/5400+30:1800+30"]

1. Nf3 Nf6 2. d4 b6 3. g3 e6 4. Bg2 Bb7 5. O-O Be7 6. c4 O-O 7. Nc3 d5 8. cxd5 exd5 9. b3 Nbd7 10. Bb2 Re8 11. Rc1 Rc8 {[%emt 0:02:40] E17: Queen's Indian: 4 g3 Bb7 5 Bg2 Be7} (11... Bf8 12. Qc2 a6 13. Rfd1 Rc8 14. e3 Qe7 15. Ne5 Qe6 16. Ne2 c6 17. Nf4 Qd6 18. Bh3 Rc7 19. b4 {½-½ (39) Leko,P (2691)-Bacrot,E (2725) Riadh 2017}) 12. e3 a5 $146 ({Predecessor:} 12... a6 13. Qd3 Ne4 14. Nd2 Nxd2 15. Qxd2 Nf6 16. Rfd1 Bb4 17. Bh3 Ra8 18. Qc2 Qe7 19. Bg2 {0-1 (38) Jurek,J (2287)-Handler,L (2390) Austria 2016}) 13. Ne5 Bb4 (13... Bd6 $11 {keeps the balance.}) 14. a3 Bxc3 15. Bxc3 Nxe5 16. dxe5 Ne4 17. Bb2 Qe7 18. Qc2 Qe6 19. b4 axb4 20. axb4 Qh6 21. Ra1 c5 22. Ra7 cxb4 23. Qa4 Ra8 24. Bxe4 (24. Rxa8 $16 Rxa8 25. Qxb4) 24... dxe4 $2 (24... Bc6 $14 25. Qa6 dxe4) 25. Qd7 Bc6 26. Qxf7+ $18 Kh8 27. Rxa8 Rxa8 28. Rc1 Rg8 29. Qc4 Bb7 30. e6 Qg5 31. Qxb4 b5 32. Rc7 Qg4 33. Qd4 Bc8 34. e7 Re8 35. Rxc8 1-0

[Event "IND-ch Women 2019"]
[Site "Karaikkudi"]
[Date "2019.07.22"]
[Round "5.3"]
[White "Ramaswamy, Aarthie"]
[Black "Vijayalakshmi, Subbaraman"]
[Result "1/2-1/2"]
[ECO "C90"]
[WhiteElo "2020"]
[BlackElo "2357"]
[Annotator "ChessBase"]
[PlyCount "145"]
[EventDate "2019.07.19"]
[EventType "swiss"]
[EventCountry "IND"]
[SourceTitle "playchess.com"]
[Source "ChessBase"]
[SourceQuality "1"]
[TimeControl "40/5400+30:1800+30"]

1. e4 e5 2. Nf3 Nc6 3. Bb5 a6 4. Ba4 Nf6 5. O-O Be7 6. d3 d6 7. c3 O-O 8. Re1 Bg4 9. h3 Bh5 10. Nbd2 b5 11. Bb3 d5 12. Qe2 d4 13. Nf1 dxc3 14. bxc3 Qd7 15. Ng3 Bg6 16. Bb2 Bd6 17. Nh4 a5 18. a4 b4 19. Nhf5 bxc3 20. Bxc3 Bb4 21. Rec1 Bxf5 22. Nxf5 g6 23. Qe3 Bxc3 24. Rxc3 Nd4 25. Qg5 Nh5 26. Bd1 f6 27. Qc1 gxf5 28. Rxc7 Qe8 29. Qh6 Qg6 30. Qxh5 f4 31. Rac1 Rf7 32. Qxg6+ hxg6 33. Kf1 Rb8 34. Rc8+ Rxc8 35. Rxc8+ Kg7 36. Rb8 Rc7 37. Ke1 Rc1 38. Kd2 Ra1 39. Ra8 Ra2+ 40. Ke1 Nc6 41. Bb3 Ra3 42. Bc2 Nb4 43. Ra7+ Kh6 44. Kd2 Ra2 45. Rc7 Kg5 46. Kc1 Ra1+ 47. Kd2 Nxc2 48. Rxc2 Rxa4 49. Ke2 Rb4 50. Rc5 a4 51. Ra5 Kh6 52. Ra6 Kg7 53. Ra7+ Kf8 54. g3 fxg3 55. fxg3 Rb2+ 56. Kf3 Ra2 57. h4 a3 58. g4 Ra1 59. h5 gxh5 60. gxh5 Kg8 61. h6 Kh8 62. Kg2 Kg8 63. Kg3 a2 64. Kg2 Kh8 65. h7 Rd1 66. Rxa2 Rxd3 67. Ra6 Kxh7 68. Rxf6 Re3 69. Re6 Rxe4 70. Kf3 Re1 71. Kf2 Re4 72. Kf3 Re1 73. Kf2 1/2-1/2

[Event "IND-ch Women 2019"]
[Site "Karaikkudi"]
[Date "2019.07.22"]
[Round "5.5"]
[White "Kiran, Manisha Mohanty"]
[Black "Srija, Seshadri"]
[Result "0-1"]
[ECO "C73"]
[WhiteElo "2054"]
[BlackElo "2306"]
[Annotator "RC"]
[PlyCount "54"]
[EventDate "2019.07.19"]
[EventType "swiss"]
[EventCountry "IND"]
[SourceTitle "playchess.com"]
[Source "ChessBase"]
[SourceQuality "1"]
[TimeControl "40/5400+30:1800+30"]

1. e4 e5 2. Nf3 Nc6 3. Bb5 a6 4. Ba4 d6 5. Bxc6+ bxc6 6. d4 f6 7. c4 Ne7 8. Nc3 Ng6 9. h3 Be7 10. O-O O-O 11. Be3 Qe8 12. Rc1 f5 13. dxe5 dxe5 14. exf5 Bxf5 15. Qe2 c5 16. Nd2 Nh4 17. Nd5 Bd6 18. Bg5 Nxg2 19. Kxg2 Qg6 20. Qe3 h6 21. b4 cxb4 22. c5 Be6 23. Nxb4 Be7 24. h4 hxg5 25. h5 Qxh5 26. Rh1 Qg4+ 27. Kf1 Qxb4 0-1

[Event "IND-ch Women 2019"]
[Site "Karaikkudi"]
[Date "2019.07.22"]
[Round "5.8"]
[White "Saranya, J."]
[Black "Nandhidhaa, P V"]
[Result "0-1"]
[ECO "B40"]
[WhiteElo "2067"]
[BlackElo "2259"]
[Annotator "RC"]
[PlyCount "213"]
[EventDate "2019.07.19"]
[EventType "swiss"]
[EventCountry "IND"]
[SourceTitle "playchess.com"]
[Source "ChessBase"]
[SourceQuality "1"]
[TimeControl "40/5400+30:1800+30"]

1. e4 c5 2. Nf3 e6 3. g3 Nc6 4. Bg2 Nf6 5. Qe2 d5 6. exd5 Nxd5 7. O-O Be7 8. Rd1 Qb6 9. Nc3 O-O 10. a3 Nf6 11. d3 Nd4 12. Nxd4 cxd4 13. Ne4 Bd7 14. c4 dxc3 15. bxc3 Nxe4 16. Bxe4 Bc6 17. Bf4 Rac8 18. c4 Rfd8 19. a4 Bf6 20. Rab1 Qa6 21. Bxc6 Rxc6 22. Be5 Bxe5 23. Qxe5 Qxa4 24. Ra1 Qc2 25. Rac1 Qa4 26. Ra1 Qb4 27. Rdb1 Qd2 28. Rd1 Qc2 29. Rac1 Qb3 30. Rb1 Qa3 31. Rxb7 Rxc4 32. Qh5 g6 33. Qf3 Rf8 34. Rxa7 Qc3 35. Rd7 Rc7 36. Rxc7 Qxc7 37. Rb1 Rd8 38. Rb7 Rxd3 39. Rxc7 Rxf3 40. h4 Kg7 41. Kg2 Rd3 42. Rb7 e5 43. Ra7 Kf6 44. Ra6+ Kf5 45. Ra4 h5 46. Ra5 f6 47. Ra8 Rd2 48. Re8 Rd6 49. Ra8 Rd2 50. Re8 e4 51. Re7 Rd5 52. Re8 Ra5 53. Re7 Re5 54. Rg7 e3 55. fxe3 Rxe3 56. Rg8 Ra3 57. Rb8 Ra4 58. Rb6 Ke5 59. Rb5+ Ke4 60. Rb6 Ra2+ 61. Kg1 Kf5 62. Rb4 Re2 63. Rf4+ Ke5 64. Ra4 Rd2 65. Ra6 Rd6 66. Ra4 Rd2 67. Ra6 Kf5 68. Kf1 Ke5 69. Rb6 Rd6 70. Rb4 Rd4 71. Rb6 Rg4 72. Kf2 f5 73. Rb5+ Ke4 74. Rb4+ Kd5 75. Rb6 f4 76. gxf4 Ke4 77. Rb4+ Kf5 78. Kf3 Rxh4 79. Rb5+ Kf6 80. Kg3 Rg4+ 81. Kf3 Rg1 82. Rb2 Rf1+ 83. Kg3 Rd1 84. Rb5 Rd3+ 85. Kg2 Ke6 86. Rg5 Kf6 87. Rb5 Rc3 88. Ra5 Rb3 89. Rc5 Kg7 90. Ra5 Kf6 91. Rc5 h4 92. Rg5 Ra3 93. Rb5 Rg3+ 94. Kf2 Rg4 95. Kf3 Rg1 96. Rb2 Rg3+ 97. Ke4 h3 98. Rb8 Kg7 99. Rb2 Kh6 100. Rb8 Kg7 101. Rb2 Ra3 102. Ke5 Kh6 103. f5 g5 104. f6 Rf3 105. Rb8 g4 106. Rh8+ Kg5 107. Ke6 0-1

[Event "IND-ch Women 2019"]
[Site "Karaikkudi"]
[Date "2019.07.22"]
[Round "5.15"]
[White "Sunyuktha C M N"]
[Black "Thipsay, Bagyashree Sathe"]
[Result "0-1"]
[ECO "B12"]
[WhiteElo "1815"]
[BlackElo "2093"]
[Annotator "NA RC"]
[PlyCount "66"]
[EventDate "2019.07.19"]
[EventType "swiss"]
[EventCountry "IND"]
[SourceTitle "playchess.com"]
[Source "ChessBase"]
[SourceQuality "1"]
[TimeControl "40/5400+30:1800+30"]

1. e4 c6 2. d4 d5 3. e5 Bf5 4. Nf3 e6 5. Be2 Nd7 6. O-O h6 7. Nbd2 Ne7 {[%emt 0:00:56] B12: Caro-Kann: Advance Variation} 8. Nb3 (8. c3 g5 9. Ne1 c5 10. Nc2 Nc6 11. Nb3 c4 12. Nd2 Bg6 13. Bh5 Bd3 14. Re1 Bg7 {0-1 (60) Vachier Lagrave,M (2779)-Nakamura,H (2777) chess.com INT 2018}) 8... g5 9. a4 Qc7 10. Bd2 Bg6 11. a5 Nf5 $146 ({Predecessor:} 11... a6 12. Rc1 O-O-O 13. Bb4 Nf5 14. Bxf8 Rhxf8 15. c4 dxc4 16. Rxc4 {1-0 (35) Ajrapetian,G (2419)-Konyshev,A (2379) Olginka 2011}) 12. a6 b6 13. c4 dxc4 14. Bxc4 Rc8 15. Rc1 Qd8 16. Qe2 Ne7 17. Bb4 Bg7 18. Nbd2 Nd5 19. Bxd5 cxd5 20. Qb5 Bf8 21. Bd6 g4 22. Rxc8 Qxc8 23. Nh4 Bh7 24. Nb3 $16 Bxd6 25. exd6 O-O 26. Rc1 Qd8 27. g3 Nf6 28. Qc6 Bd3 29. Qb7 Ne4 30. f3 gxf3 31. Nxf3 Qf6 32. Ne5 Qf2+ 33. Kh1 Nxg3+ 0-1

[Event "IND-ch Women 2019"]
[Site "Karaikkudi"]
[Date "2019.07.22"]
[Round "5.17"]
[White "Priyanka, Kumari"]
[Black "Abhirami Madabushi"]
[Result "1-0"]
[ECO "B92"]
[WhiteElo "1991"]
[BlackElo "1689"]
[Annotator "NA RC"]
[PlyCount "77"]
[EventDate "2019.07.19"]
[EventType "swiss"]
[EventCountry "IND"]
[SourceTitle "playchess.com"]
[Source "ChessBase"]
[SourceQuality "1"]
[TimeControl "40/5400+30:1800+30"]

1. e4 c5 2. Nf3 d6 3. d4 cxd4 4. Nxd4 Nf6 5. Nc3 a6 6. Be2 e5 7. Nf3 Be7 8. Bg5 Nbd7 9. a4 {[%emt 0:03:45] B92: Sicilian Najdorf: 6 Be2} h6 10. Bxf6 (10. Be3 Ng4 11. Bc1 Ngf6 12. O-O Nc5 13. Nd2 O-O 14. b4 Ne6 15. Nc4 Nd4 16. Be3 Nxe2+ 17. Qxe2 {½-½ (40) Giri,A (2783)-Nepomniachtchi,I (2763) St Petersburg 2018}) 10... Nxf6 11. Nd2 O-O $146 ({Predecessor:} 11... Be6 12. Nc4 Rc8 13. Ne3 Rxc3 14. bxc3 Nxe4 15. Bg4 Qc8 16. O-O O-O 17. Bxe6 fxe6 {0-1 (57) Ciganovic,N (2263)-Cerveny,M (2386) Zadar 2017}) 12. a5 Be6 13. Nc4 Rc8 14. Nb6 Rc5 (14... Rxc3 $5 15. bxc3 Nxe4 $15) 15. O-O d5 16. exd5 Bxd5 ({Don't play} 16... Nxd5 $6 17. Ncxd5 Rxd5 18. Nxd5 $16) 17. Nca4 Rc6 18. Nxd5 Nxd5 19. Bf3 Rd6 20. Qe2 Bf6 21. g3 Qxa5 22. c4 ({Better is} 22. Qd3 $14 e4 23. Bxe4) 22... Ne7 23. Bxb7 Qb4 24. c5 Rd2 25. Qxa6 e4 26. Qb6 Qd4 27. c6 Qxb6 28. Nxb6 Rxb2 29. Rab1 Rc2 30. Nd7 Rd8 (30... Nxc6 $142 31. Nxf8 Kxf8) 31. Rbc1 Rxc1 32. Rxc1 Bd4 33. Rc4 Ba7 34. Ra4 Bb8 35. Nxb8 Rxb8 36. Rxe4 Kf8 {[%emt 0:01:36] [#]} 37. Rxe7 $18 {[%emt 0:00:28] Promotion} Kxe7 38. c7 Rxb7 39. c8=Q 1-0

[Event "IND-ch Women 2019"]
[Site "Karaikkudi"]
[Date "2019.07.22"]
[Round "5.18"]
[White "Harshita Guddanti"]
[Black "Shetye, Siddhali"]
[Result "1-0"]
[ECO "C26"]
[WhiteElo "2078"]
[BlackElo "1837"]
[Annotator "NA RC"]
[PlyCount "79"]
[EventDate "2019.07.19"]
[EventType "swiss"]
[EventCountry "IND"]
[SourceTitle "playchess.com"]
[Source "ChessBase"]
[SourceQuality "1"]
[TimeControl "40/5400+30:1800+30"]

1. e4 e5 2. Nc3 Nc6 3. g3 Nf6 4. Bg2 Bc5 5. d3 a6 6. h3 {[%emt 0:01:26] C26: Vienna Game: 2...Nf6, sidelines} d6 7. Nge2 h6 (7... Be6 8. f4 h6 9. f5 Bd7 10. b3 Nd4 11. Bb2 Bc6 12. Nxd4 Bxd4 13. Qe2 b5 14. Nd1 {1-0 (60) Nakamura,H (2774)-Topalov,V (2749) Saint Louis 2017}) 8. O-O O-O 9. Kh2 Nd4 10. f4 exf4 11. Nxf4 Ne6 $146 ({Predecessor:} 11... c6 12. b3 Nh7 13. Bb2 Ng5 14. Nce2 Nxe2 15. Qxe2 Ne6 16. Nh5 {½-½ (50) Rjanova,V (2208)-Svidinsky,D (2064) St Petersburg 2012}) 12. Nce2 Bb6 13. Bd2 Nxf4 14. Nxf4 c6 15. Bc3 Nd7 16. d4 Ba5 17. b4 Bc7 18. Nh5 Qe7 19. Bd2 Kh7 20. Qf3 ({Don't do} 20. Qg4 $6 g6 $14) 20... g6 21. Nf4 Nf6 22. Rae1 Bd7 23. e5 ({Better is} 23. c4 $18) 23... dxe5 24. dxe5 Nd5 $18 (24... Ng8 $16 {is a better defense.}) 25. Nxd5 cxd5 26. Qe3 Qg5 27. Qxg5 hxg5 28. Bxd5 Be6 29. Bxe6 fxe6 30. Bxg5 Rxf1 31. Rxf1 Bxe5 32. Re1 Bc3 33. Rxe6 Bxb4 34. Rb6 a5 35. Rxb7+ Kg8 36. Bf4 Re8 37. Rb8 Rxb8 38. Bxb8 Kf7 39. Kg2 Ke6 40. c4 1-0

[Event "IND-ch Women 2019"]
[Site "Karaikkudi"]
[Date "2019.07.22"]
[Round "5.19"]
[White "Bakshi, Rutuja"]
[Black "ThamaraiSelvi, P."]
[Result "1-0"]
[ECO "A14"]
[WhiteElo "1958"]
[BlackElo "1752"]
[Annotator "NA RC"]
[PlyCount "121"]
[EventDate "2019.07.19"]
[EventType "swiss"]
[EventCountry "IND"]
[SourceTitle "playchess.com"]
[Source "ChessBase"]
[SourceQuality "1"]
[TimeControl "40/5400+30:1800+30"]

1. c4 Nf6 2. Nf3 e6 3. g3 b6 4. Bg2 Bb7 5. O-O Be7 6. b3 O-O 7. Bb2 d5 8. Qc2 Nbd7 {[%emt 0:07:12] A14: English Opening: 1...e6 with b3 by White} (8... h6 9. d4 Nbd7 10. cxd5 exd5 11. Nc3 a6 12. Rac1 Bd6 13. Nh4 g6 14. Nxg6 fxg6 15. Qxg6+ Kh8 16. Qxh6+ {1-0 (41) Krylov,M (2476)-Usmanov,V (2463) Sochi 2017}) 9. Ne5 c5 10. d3 Qc7 11. Nxd7 Qxd7 12. e4 dxe4 $146 ({Predecessor:} 12... d4 13. Nd2 e5 14. Nf3 Qc7 15. Rae1 Bc8 16. Nxe5 Qxe5 {0-1 (62) Chuc,D (1850)-Le,Q (1986) Da Lat 2013}) 13. dxe4 Qc6 14. Nc3 Rfd8 15. f4 Rd4 16. Rf2 Ng4 17. Re2 $1 Qd7 18. Bh3 h5 19. Nb5 Rd3 20. Bxg4 hxg4 21. Nc7 Rd8 22. Nd5 Rf3 23. Ne3 f5 $1 24. Rd1 Qc6 25. Rxd8+ Bxd8 26. Qd2 Bc7 27. Qc3 Qd7 28. Qe1 Bxe4 29. Nxg4 Rd3 30. Nf2 Rd6 31. Be5 Rc6 $2 (31... Bb7) 32. Nxe4 Bxe5 33. fxe5 fxe4 34. Rd2 Qe7 35. Qxe4 Rc8 36. Qg6 Re8 37. Rd6 Kf8 38. Qh5 Kg8 39. Qg6 Kf8 40. Qg4 (40. Kf2 $18) 40... Kf7 (40... Qf7 $16 {is a better defense.} 41. h4 Qf5 42. Qxf5+ exf5) 41. Qf4+ (41. h4 $142) 41... Kg6 (41... Kg8 $142 42. h4 Rf8) 42. h4 Rd8 (42... Kh7 $142 43. Qf3 Kg8) 43. Qe4+ ({Weaker is} 43. Qg4+ Kf7 $18) 43... Kf7 44. Qf3+ Kg8 45. Qc6 $18 Rf8 46. Qd7 Re8 47. Qxe7 Rxe7 48. Kg2 Kf7 49. Kf3 Rc7 50. Kf4 Rb7 51. Kg5 a6 52. Rc6 Ke7 53. Kg6 Kd7 54. Rd6+ Ke7 55. Kxg7 b5 56. Rxa6 bxc4 57. bxc4 Rb4 58. Ra7+ Ke8 59. Kf6 Rxc4 60. Kxe6 Kf8 61. Kf6 1-0

[Event "IND-ch Women 2019"]
[Site "Karaikkudi"]
[Date "2019.07.22"]
[Round "5.20"]
[White "Toshali, V."]
[Black "Sanskriti Goyal"]
[Result "0-1"]
[ECO "B08"]
[WhiteElo "1920"]
[BlackElo "1948"]
[Annotator "NA RC"]
[PlyCount "100"]
[EventDate "2019.07.19"]
[EventType "swiss"]
[EventCountry "IND"]
[SourceTitle "playchess.com"]
[Source "ChessBase"]
[SourceQuality "1"]
[TimeControl "40/5400+30:1800+30"]

1. d4 Nf6 2. Nf3 g6 3. Nc3 Bg7 4. e4 d6 5. Be2 O-O 6. O-O Bg4 7. Bf4 {[%emt 0:00:12] B08: Pirc Defence: Classical System} Nc6 8. d5 Bxf3 9. Bxf3 Ne5 (9... Na5 10. Be2 Nd7 11. Bd2 c5 12. Qe1 a6 13. Nd1 b6 14. Rb1 {1-0 (59) Aronian,L (2789)-Nepomniachtchi,I (2751) chess.com INT 2017}) 10. Be2 c6 11. Bxe5 dxe5 12. dxc6 bxc6 13. Qxd8 $146 ({Predecessor:} 13. Bd3 Qd4 14. Qe2 {½-½ (43) Esipenko,A (2571)-Balashov,Y (2434) Taganrog 2018}) 13... Rfxd8 14. Rfd1 Rd4 15. Bd3 e6 16. Ne2 Rdd8 17. f3 Rab8 18. Bc4 Nd7 19. Rab1 Bf8 20. Kf1 a5 21. a3 Rb7 22. Nc1 Ra8 23. Nd3 Rab8 24. a4 Bc5 25. c3 Kg7 26. Ba6 Ra7 27. Bc4 Kf6 28. b4 axb4 29. cxb4 Rxa4 30. Bb3 Ra3 31. Nxc5 Nxc5 32. bxc5 Rbxb3 33. Rxb3 Rxb3 34. Rd6 Kg5 35. Kf2 h5 36. Rxc6 h4 37. Rc7 Rb2+ 38. Kg1 f5 39. c6 $2 {[%emt 0:00:31] [#]} (39. exf5 $15 exf5 40. h3) 39... Kf4 $2 (39... h3 $1 $19 40. g3 (40. gxh3 Kf4) 40... fxe4 41. fxe4 Rg2+ 42. Kh1 {[#]} Rc2 $1 ) 40. Rc8 $2 (40. Rb7 $17 {is a better chance.} Rc2 41. Rb4) 40... h3 41. c7 Rxg2+ 42. Kf1 {[%emt 0:02:11] [#]} Rc2 $1 43. Rh8 Rxc7 44. Rxh3 g5 $19 45. Kg2 Rc2+ 46. Kg1 Rc3 47. Kf2 g4 48. Rh6 Rc2+ 49. Ke1 gxf3 50. Rxe6 Ke3 0-1

[Event "IND-ch Women 2019"]
[Site "Karaikkudi"]
[Date "2019.07.22"]
[Round "5.21"]
[White "Dhyana Patel"]
[Black "Shriya R Revankar"]
[Result "1/2-1/2"]
[ECO "B31"]
[WhiteElo "1900"]
[BlackElo "1627"]
[Annotator "NA RC"]
[PlyCount "73"]
[EventDate "2019.07.19"]
[EventType "swiss"]
[EventCountry "IND"]
[SourceTitle "playchess.com"]
[Source "ChessBase"]
[SourceQuality "1"]
[TimeControl "40/5400+30:1800+30"]

1. e4 c5 2. Nf3 Nc6 3. Bb5 g6 4. Bxc6 dxc6 5. h3 Bg7 6. d3 e5 7. Nbd2 {[%emt 0:02:52] B31: Sicilian: 2...Nc6 3 Bb5 g6} (7. a3 a5 8. Be3 Qe7 9. Nbd2 Nf6 10. Nc4 Nd7 11. a4 b6 12. Qd2 Ba6 13. Bh6 Bxh6 14. Qxh6 Bxc4 15. dxc4 O-O-O 16. O-O-O Nf6 17. Qg5 Rxd1+ 18. Rxd1 Re8 19. Qe3 h5 20. Ng5 Nd7 21. Nf3 {½-½ (21) Quesada Perez,Y (2619)-Cori Tello,J (2657) Saint Louis 2017}) 7... Be6 8. O-O h6 9. Qe2 $146 ({Predecessor:} 9. b3 Ne7 10. Bb2 Qc7 11. a3 O-O 12. b4 cxb4 13. axb4 Rfd8 14. Ra3 Qd6 {1-0 (30) Gasimov,P (2332)-Khvadagiani,N (2003) Malatya 2016}) 9... Ne7 10. b3 Qc7 11. Bb2 g5 12. Qe3 b6 13. c3 Ng6 14. d4 exd4 15. cxd4 Rd8 16. Rab1 {[%emt 0:03:53] [#]} Nf4 $1 17. e5 $1 Bf5 18. Ne4 O-O $1 19. Rbd1 cxd4 20. Bxd4 Nd5 21. Qe2 c5 22. Bb2 Nf4 23. Qe3 $1 $11 {[%emt 0:02:16] and White has nothing to worry.} Nd5 ({Black should play} 23... Qc8 $17 24. Ng3 Bd3) 24. Qe2 $1 Nf4 ({Better is} 24... Qc8 $15 25. Nd6 Nf4) 25. Qc4 $2 Qc6 26. Nd6 $19 Bxh3 27. Nxf7 Rxd1 28. Nd8+ Qd5 29. Rxd1 Qxc4 30. bxc4 Bxg2 31. Ne1 Ba8 32. Rd7 Ne2+ 33. Kf1 Ng3+ 34. Kg1 Ne2+ 35. Kf1 Ng3+ 36. Kg1 Ne2+ 37. Kf1 1/2-1/2

[Event "IND-ch Women 2019"]
[Site "Karaikkudi"]
[Date "2019.07.22"]
[Round "6.2"]
[White "Vantika Agrawal"]
[Black "Vijayalakshmi, Subbaraman"]
[Result "1-0"]
[ECO "E04"]
[WhiteElo "2243"]
[BlackElo "2357"]
[Annotator "NA"]
[PlyCount "75"]
[EventDate "2019.07.19"]
[EventType "swiss"]
[EventCountry "IND"]
[SourceTitle "playchess.com"]
[Source "ChessBase"]
[SourceQuality "1"]
[TimeControl "40/5400+30:1800+30"]

1. d4 Nf6 2. c4 e6 3. g3 d5 4. Bg2 Bb4+ 5. Nd2 O-O 6. Ngf3 dxc4 7. Qc2 b5 8. a4 bxa4 9. O-O a5 10. Nxc4 Ba6 11. Nfe5 $14 Nd5 12. Rxa4 f6 13. Nd3 Nc6 14. e3 Qe8 15. b3 Be7 16. Bd2 Bb5 17. Raa1 Qg6 18. Rfc1 Ncb4 19. Nxb4 axb4 20. e4 Rxa1 21. Rxa1 c5 22. Ra5 Rb8 23. dxc5 Bxc5 24. Ne5 Bxf2+ 25. Kxf2 fxe5 26. Rxb5 Qf7+ 27. Ke1 Rxb5 28. Qc8+ Qf8 29. Qxe6+ Kh8 30. exd5 Qb8 31. Be4 Rb6 32. Qf5 Kg8 33. Qxh7+ Kf7 34. Qh5+ Kg8 35. Bg6 Qd6 36. Qh7+ Kf8 37. Qh8+ Ke7 38. Bg5+ 1-0

[Event "IND-ch Women 2019"]
[Site "Karaikkudi"]
[Date "2019.07.22"]
[Round "6.3"]
[White "Soumya, Swaminathan"]
[Black "Sharma Isha"]
[Result "1-0"]
[ECO "C41"]
[WhiteElo "2402"]
[BlackElo "2188"]
[Annotator "NA"]
[PlyCount "45"]
[EventDate "2019.07.19"]
[EventType "swiss"]
[EventCountry "IND"]
[SourceTitle "playchess.com"]
[Source "ChessBase"]
[SourceQuality "1"]
[TimeControl "40/5400+30:1800+30"]

1. e4 d6 2. d4 Nf6 3. Nc3 e5 4. Nf3 Nbd7 5. Bc4 Be7 6. O-O O-O 7. a4 c6 8. Re1 a5 9. Ba2 exd4 10. Nxd4 Nb6 11. Bf4 Re8 $14 12. Qf3 Bg4 13. Qg3 Qc8 14. h3 Nh5 15. Qe3 Nxf4 16. Bxf7+ Kxf7 17. Qxf4+ Kg8 18. hxg4 Nc4 19. Nf5 Bf6 20. e5 Nxe5 21. Nxd6 Qd7 22. Nxe8 Rxe8 23. g5 1-0

[Event "IND-ch Women 2019"]
[Site "Karaikkudi"]
[Date "2019.07.22"]
[Round "6.4"]
[White "Srija, Seshadri"]
[Black "Meenakshi Subbaraman"]
[Result "1/2-1/2"]
[ECO "B01"]
[WhiteElo "2306"]
[BlackElo "2163"]
[Annotator "NA"]
[PlyCount "102"]
[EventDate "2019.07.19"]
[EventType "swiss"]
[EventCountry "IND"]
[SourceTitle "playchess.com"]
[Source "ChessBase"]
[SourceQuality "1"]
[TimeControl "40/5400+30:1800+30"]

1. e4 d5 2. exd5 Qxd5 3. Nf3 Nf6 4. d4 Bg4 5. Be2 c6 6. O-O e6 7. c4 Qa5 8. Bf4 Be7 9. h3 Bh5 10. Nbd2 $14 Nbd7 11. a3 Bxf3 12. Nxf3 Ne4 13. Ne5 Nxe5 14. dxe5 g5 15. b4 Qc7 16. Qd4 gxf4 17. Qxe4 O-O-O 18. Qxf4 f6 19. Bg4 Qxe5 20. Qxe5 fxe5 21. Bxe6+ Kc7 22. Rae1 Bf6 23. Re4 Rhe8 24. Bf5 h6 25. Rg4 Rg8 26. Rxg8 Rxg8 27. Rd1 Rd8 28. Rxd8 Bxd8 29. Kf1 Be7 30. Ke2 a5 31. bxa5 Bxa3 32. Kd3 Bb4 33. Ke4 Kd6 34. Bc8 Kc7 35. a6 bxa6 36. Bxa6 Kd6 37. g4 Ke6 38. Bb7 c5 39. Bc8+ Kf6 40. Kd5 Ba3 41. Bd7 Bb4 42. Ba4 Ba3 43. Bc2 Bb4 44. Be4 Ba3 45. Kd6 Bb4 46. f3 Ba3 47. h4 Bb4 48. g5+ hxg5 49. h5 Kg7 50. Kxe5 Bc3+ 51. Kd5 Bd4 1/2-1/2

[Event "IND-ch Women 2019"]
[Site "Karaikkudi"]
[Date "2019.07.22"]
[Round "6.5"]
[White "Jain Nityata"]
[Black "Pratyusha, Bodda"]
[Result "0-1"]
[ECO "B51"]
[WhiteElo "2135"]
[BlackElo "2265"]
[Annotator "NA"]
[PlyCount "128"]
[EventDate "2019.07.19"]
[EventType "swiss"]
[EventCountry "IND"]
[SourceTitle "playchess.com"]
[Source "ChessBase"]
[SourceQuality "1"]
[TimeControl "40/5400+30:1800+30"]

1. e4 c5 2. Nf3 d6 3. Bb5+ Nd7 4. O-O Ngf6 5. Re1 a6 6. Bd3 e6 7. c3 b5 8. Bc2 Bb7 9. d4 cxd4 10. cxd4 Be7 11. a3 O-O 12. Nc3 Qc7 13. Bg5 h6 $14 14. Bh4 e5 15. Rc1 Qb6 16. Bb3 Rfe8 17. dxe5 Nxe5 18. Nxe5 dxe5 19. Bxf6 Qxf6 20. Bd5 Rad8 21. Qe2 Bc8 22. Nd1 Qg5 23. Ne3 Rd6 24. Rc7 Be6 25. Rec1 Bxd5 26. Nxd5 Bd8 27. Rc8 f5 28. f3 Rf8 29. R8c6 fxe4 30. Qxe4 Qd2 31. R1c5 Rxc6 32. Rxc6 Qxb2 33. Rxa6 Qc1+ 34. Kf2 Bh4+ 35. Qxh4 Qd2+ 36. Kg3 Qxd5 37. Qe4 Qxe4 38. fxe4 Rf4 39. Rb6 Rxe4 40. Rxb5 Kf7 41. Kf3 Rf4+ 42. Ke3 Kf6 43. Rb2 Ra4 44. Rb3 Kf5 45. Rc3 g5 46. Rb3 h5 47. Rc3 g4 48. Rb3 h4 49. Rc3 Ra5 50. Rb3 Rc5 51. Rd3 Rc1 52. Rd8 Re1+ 53. Kf2 Ra1 54. Rh8 Ra2+ 55. Kg1 Kg5 56. Ra8 Kf4 57. Rf8+ Ke3 58. Rf1 e4 59. Re1+ Kd3 60. h3 g3 61. Rd1+ Ke2 62. Rb1 e3 63. a4 Kd2 64. a5 e2 0-1

[Event "IND-ch Women 2019"]
[Site "Karaikkudi"]
[Date "2019.07.22"]
[Round "6.6"]
[White "Nandhidhaa, P V"]
[Black "Mrudul Dehankar"]
[Result "1-0"]
[ECO "D02"]
[WhiteElo "2259"]
[BlackElo "2074"]
[Annotator "NA"]
[PlyCount "71"]
[EventDate "2019.07.19"]
[EventType "swiss"]
[EventCountry "IND"]
[SourceTitle "playchess.com"]
[Source "ChessBase"]
[SourceQuality "1"]
[TimeControl "40/5400+30:1800+30"]

1. e4 c6 2. d4 d5 3. exd5 cxd5 4. Bf4 Nc6 5. c3 Nf6 6. h3 g6 7. Nf3 Bg7 8. Be2 O-O 9. O-O Nh5 10. Bh2 Bh6 11. Re1 $14 Bf4 12. Nbd2 Bxh2+ 13. Nxh2 Nf4 14. Bf1 Qd6 15. Ng4 Rb8 16. Qf3 Kg7 17. Ne5 Ne6 18. a4 Nc7 19. a5 f6 20. Nxc6 bxc6 21. b4 Bf5 22. Re3 Rbd8 23. Rae1 Rfe8 24. Qe2 Kf7 25. Nb3 Bc8 26. Nc5 e6 27. h4 h6 28. h5 g5 29. Qc2 f5 30. Re5 Rf8 31. g4 Ne8 32. Nxe6 Bxe6 33. gxf5 Bc8 34. f6 Qxf6 35. Re7+ Qxe7 36. Qg6# 1-0

[Event "IND-ch Women 2019"]
[Site "Karaikkudi"]
[Date "2019.07.22"]
[Round "6.7"]
[White "Thipsay, Bagyashree Sathe"]
[Black "Michelle Catherina, P."]
[Result "0-1"]
[ECO "C55"]
[WhiteElo "2093"]
[BlackElo "2226"]
[Annotator "NA"]
[PlyCount "106"]
[EventDate "2019.07.19"]
[EventType "swiss"]
[EventCountry "IND"]
[SourceTitle "playchess.com"]
[Source "ChessBase"]
[SourceQuality "1"]
[TimeControl "40/5400+30:1800+30"]

1. e4 e5 2. Nf3 Nc6 3. Bc4 Nf6 4. d3 h6 5. O-O d6 6. c3 g6 7. Re1 Bg7 8. Nbd2 O-O 9. Bb3 Re8 $11 10. h3 Be6 11. Ba4 Nd7 12. Nf1 Nb6 13. Bc2 d5 14. Ne3 f5 15. exd5 Nxd5 16. Bb3 Kh7 17. d4 e4 18. Nd2 Bg8 19. Nxd5 Bxd5 20. Nf1 b6 21. f3 Na5 22. Bxd5 Qxd5 23. Ne3 Qd7 24. f4 Rad8 25. Qe2 c5 26. d5 c4 27. Rd1 b5 28. Nc2 Qf7 29. Be3 Rxd5 30. Rxd5 Qxd5 31. Bxa7 Qd3 32. Kf1 Nc6 33. Be3 Ra8 34. a3 b4 35. cxb4 Bxb2 36. Rd1 Qb3 37. Rd6 Rc8 38. Qd1 Bg7 39. Rd7 Rd8 40. Rxd8 Nxd8 41. b5 Nb7 42. b6 c3 43. Kf2 Na5 44. Qe2 Nc4 45. Nb4 Nxe3 46. Qxe3 Qxa3 47. Qc5 c2 48. Qxc2 Qxb4 49. Qc7 Qd2+ 50. Kg3 e3 51. b7 e2 52. b8=Q e1=Q+ 53. Kh2 Qe4 0-1